 Dungeon Crawl Stone Soup version 0.19-a0-1888-g6ba2374 (webtiles) character file.

324 Naow the Shield-Bearer (level 6, -8/47 HPs)
             Began as a Formicid Fighter on Oct 17, 2016.
             Killed by divine providence
             ... invoked by an orc priest
              (16 damage)
             ... on level 4 of the Dungeon.
             The game lasted 00:03:27 (2777 turns).

Naow the Shield-Bearer (Formicid Fighter)           Turns: 2777, Time: 00:03:27

Health: -8/47      AC: 11    Str: 22    XL:     6   Next: 78%
Magic:  6/6        EV:  5    Int:  8    God:
Gold:   212        SH: 10    Dex: 10    Spells: 0 memorised, 5 levels left

rFire  . . .     SeeInvis +     a - +0 war axe
rCold  . . .     Gourm    .     p - +0 plate armour
rNeg   . . .     Faith    .     c - +0 shield
rPois  .         Spirit   .     (helmet unavailable)
rElec  .         Dismiss  .     (no cloak)
rCorr  .         Reflect  .     (no gloves)
MR     +....     Harm     .     (no boots)
Stlth  ..........               (no amulet)
                                (no ring)
                                m - ring of protection from magic

@: no status effects
A: permanent stasis, dig shafts and tunnels, four strong arms, antennae 3
a: Dig, Shaft Self


You were on level 4 of the Dungeon.
You were not hungry.

You visited 1 branch of the dungeon, and saw 4 of its levels.

You collected 212 gold pieces.

Inventory:

Hand Weapons
 a - a +0 war axe (weapon)
Armour
 b - a +0 scale mail
 c - a +0 shield (worn)
 g - a cursed +0 pair of gloves
 p - a +0 plate armour (worn)
Jewellery
 m - a ring of protection from magic (left hand)
Scrolls
 e - 2 scrolls of enchant weapon {unknown}
 h - 5 scrolls of identify {unknown}
 i - 2 scrolls of enchant armour {unknown}
 o - 2 scrolls of magic mapping {unknown}
 q - a scroll of immolation {unknown}
 r - 5 scrolls of remove curse {unknown}
 u - a scroll of random uselessness {unknown}
 v - 2 scrolls of teleportation {unknown}
 x - 2 scrolls of noise {unknown}
 y - a scroll of fog {unknown}
Potions
 d - a potion of might
 j - 3 potions of curing {unknown}
 l - 3 potions of degeneration {unknown}
 s - a potion of flight {unknown}
 t - a potion of invisibility {unknown}
 w - a potion of lignification {unknown}
 A - a potion of heal wounds {unknown}
 C - a potion of cancellation {unknown}
Comestibles
 f - 4 bread rations
 k - a royal jelly
 n - 2 fruits
 B - 2 slices of pizza


   Skills:
 - Level 3.5 Fighting
 + Level 5.1 Axes
 - Level 3.4 Armour
 - Level 0.1 Dodging
 + Level 5.9 Shields


You had 5 spell levels left.
You didn't know any spells.

Dungeon Overview and Level Annotations

Branches:
Dungeon (4/15)
 Temple: D:4-7

Altars:
Fedhas
Kikubaaqudgha
Qazlal
Trog


Innate Abilities, Weirdness & Mutations

You are under a permanent stasis effect.
You can dig through walls and to a lower floor.
Your four strong arms can wield two-handed weapons with a shield.
You have a pair of large antennae on your head. (SInv)


Message History

Found a scroll labeled CUTTEQAUGG.
You hit the orc priest but do no damage.
You block the orc priest's attack.
The orc wizard mumbles some strange words.
The orc wizard blinks!
The orc priest hits you but does no damage.
The ogre hits you with a giant club!
The orc wizard mumbles some strange words.
The orc wizard blinks!
The ogre closely misses you.
The orc priest calls down the wrath of Beogh upon you.
Pain shoots through your body!
The orc priest calls down the wrath of Beogh upon you.
Beogh smites you!
* * * LOW HITPOINT WARNING * * *
The orc priest begins to cast a cantrip, but forgets the words!
There is an open door here.
The orc priest invokes the aid of Beogh against you.
Beogh smites you!
You die...

...........o# #.......#
###............o#######.......#
......##########.........######
..... ......#.o.......# .....
.....#.........# .....
....#.o.......# ..... ####
#..#.........#
#######...###..##O#.....##
...........@.#.....#
..[...>......#.....# .
............#.....# #.
#...##'###.#.....# .
.##.##...##..########## .
..............# .
..............# .
..............# .
..............#


You could see an ogre and 2 orc priests.

Vanquished Creatures
  A black bear (D:3)
  A centaur skeleton (D:4)
  Jessica (D:2)
  2 worker ants (D:3)
  4 adders
  2 adder skeletons (D:4)
  An adder zombie (D:4)
  A worm (D:2)
  2 dart slugs
  2 leopard geckos
  3 orcs (D:3)
  8 bats
  5 giant cockroaches
  6 goblins
  4 hobgoblins
  12 jackals (D:1)
  6 kobolds
  2 ball pythons
  5 frilled lizards
  A leopard gecko skeleton (D:4)
  5 rats
74 creatures vanquished.

Notes
Turn   | Place    | Note
-------+----------+-------------------------------------------
     0 | D:1      | Naow the Formicid Fighter began the quest for the Orb.
     0 | D:1      | Reached XP level 1. HP: 18/18 MP: 1/1
    73 | D:1      | Reached XP level 2. HP: 17/24 MP: 2/2
   324 | D:1      | Reached XP level 3. HP: 26/29 MP: 3/3
  1013 | D:2      | Reached XP level 4. HP: 31/35 MP: 4/4
  1273 | D:2      | Noticed Jessica
  1280 | D:2      | Killed Jessica
  1280 | D:2      | Reached XP level 5. HP: 29/41 MP: 5/5
  1620 | D:3      | Found a blossoming altar of Fedhas.
  1634 | D:3      | Found a stormy altar of Qazlal.
  2011 | D:3      | Noticed a black bear
  2016 | D:3      | Killed a black bear
  2016 | D:3      | Reached skill level 5 in Shields
  2016 | D:3      | Reached XP level 6. HP: 47/47 MP: 6/6
  2326 | D:3      | Found an ancient bone altar of Kikubaaqudgha.
  2326 | D:3      | Found a bloodstained altar of Trog.
  2558 | D:4      | Reached skill level 5 in Axes
  2761 | D:4      | Noticed an ogre
  2777 | D:4      | Killed from afar by an orc priest

Vault maps used:
D:1:      erik_arrival_blinker_ship, minmay_misc_feat_columns,
          minmay_tree_intersection, hangedman_decor_riveting,
          minmay_split_cup_small
D:2:      uniq_jessica
D:3:      grunt_temple_overflow_forces_of_nature,
          gammafunk_temple_overflow_pools
D:4:      first_bread

Skill      XL: |  1  2  3  4  5  6 |
---------------+-------------------+-----
Axes           | 3 4 5 |  5.1
Shields        | 4 5 |  5.9
Fighting       | |  3.5
Armour         | |  3.4
Dodging        | |  0.1

Action                   |  1- 3 |  4- 6 || total
-------------------------+-------+-------++-------
Melee: War axe           |   138 |   144 ||   282
  Eat: Chunk             |     1 |     6 ||     7
Armor: Scale mail        |    66 |       ||    66
       Plate armour      |    33 |    86 ||   119
Dodge: Dodged            |    55 |    27 ||    82
Block: Shield            |    96 |    84 ||   180
